 Dungeon Crawl Stone Soup version 0.32-a0-616-g9348d4545b (webtiles) character file.

Game seed: 14157824973511368010

12914 Atlas the Thaumaturge (level 11, -10/68 (72) HPs)
             Began as a Demonspawn Fire Elementalist on Mar 6, 2024.
             Was a Believer of Vehumet.
             Mangled by a minotaur
             ... wielding a +0 spear of venom
              (23 damage)
             ... in a Gauntlet.
             The game lasted 00:22:18 (13484 turns).

Atlas the Thaumaturge (DsFE)                       Turns: 13484, Time: 00:22:18

HP:   -10/68 (72)   AC: 12    Str:  7 (8)  XL:     11   Next: 68%
MP:   8/26          EV: 19    Int: 27      God:    Vehumet [**....]
Gold: 777           SH:  0    Dex: 19 (21) Spells: 20/32 levels left

rFire   . . .        u - +0 rapier (venom)
rCold   . . .        (no shield)
rNeg    . . .        v - +0 steam dragon scales
rPois   .            F - +0 helmet
rElec   +            B - +2 cloak "Boecrov" {-Tele Fly Regen+ Int+8}
rCorr   .            n - +0 pair of gloves
SInv    .            J - +0 pair of boots {Stlth+}
Will    +....        (no amulet)
Stlth   ++++++       j - ring of willpower
HPRegen 1.11/turn    D - +5 ring of evasion
MPRegen 0.40/turn

%: no teleportation
@: lethally poisoned (-10 -> -18), flying, hasted, drained, very quick
A: thin skeletal structure 3, ignite blood 2, magic regeneration, deterioration
1, shaggy fur 1, electricity resistance
a: Renounce Religion


You were in a Gauntlet.
You worshipped Vehumet.
Vehumet was pleased with you.
You visited 3 branches of the dungeon, and saw 14 of its levels.
You also visited: Gauntlet.

You collected 777 gold pieces.

Inventory:

Hand Weapons
 u - a +0 rapier of venom (weapon)
Armour
 d - a +2 leather armour of fire resistance
 n - a +0 pair of gloves (worn)
 v - +0 steam dragon scales (worn)
 B - the +2 cloak "Boecrov" (worn) {-Tele Fly Regen+ Int+8}
   (You found it in a Gauntlet)

   Int+8:     It affects your intelligence (+8).
   Fly:       It grants you flight.
   -Tele:     It prevents most forms of teleportation.
   Regen+:    It increases your rate of health regeneration.
 F - a +0 helmet (worn)
 J - a +0 pair of boots of stealth (worn)
Jewellery
 j - a ring of willpower (left hand)
 l - a ring of see invisible
 z - a ring of poison resistance
 D - a +5 ring of evasion (right hand)
Wands
 o - a wand of roots (17)
 w - a wand of charming (8)
 x - a wand of mindburst (9)
 G - a wand of flame (5)
Scrolls
 a - 7 scrolls of teleportation
 e - 2 scrolls of amnesia
 i - 3 scrolls of enchant weapon
 k - a scroll of enchant armour
 s - a scroll of poison
 t - 2 scrolls of immolation
 y - a scroll of noise {unknown}
 C - a scroll of revelation
 H - a scroll of blinking {unknown}
Potions
 b - a potion of magic
 f - a potion of brilliance {unknown}
 h - 13 potions of ambrosia
 m - 4 potions of lignification
 p - a potion of curing
 q - 4 potions of degeneration
 r - 5 potions of haste
 A - 3 potions of mutation
 I - a potion of berserk rage {unknown}


   Skills:
 + Level 2.2 Fighting
 + Level 2.9 Short Blades
 + Level 2.1 Armour
 + Level 3.6 Dodging
 - Level 2.0 Stealth
 + Level 11.4 Spellcasting
 + Level 5.1 Conjurations
 + Level 10.9 Fire Magic
 * Level 3.1 Earth Magic


You had 20 spell levels left.
You knew the following spells:

 Your Spells              Type           Power      Damage    Failure   Level
a - Scorch                Fire           100%       2d9       1%          2
b - Foxfire               Conj/Fire      100%       2x1d9     1%          1
c - Flame Wave            Conj/Fire      56%        2d13      1%          4
d - Lee's Rapid Deconstr  Erth           16%        3d10*     28%         5

Your spell library contained the following spells:

 Spells                   Type           Power      Damage    Failure   Level
 Hailstorm                Conj/Ice       29%        3d8       3%          3
 Kiss of Death            Conj/Necr      100%       2d13      1%          1
 Magic Dart               Conj           100%       1d8       1%          1
 Searing Ray              Conj           86%        2d7       1%          2
 Inner Flame              Hex/Fire       44%        N/A       1%          3
 Volatile Blastmotes      Fire/Tloc      88%        2d17      1%          3
 Passwall                 Erth           32%        N/A       3%          3
 Ignite Poison            Fire/Alch      44%        N/A       4%          4
 Sticky Flame             Fire/Alch      44%        2d8       4%          4
 Ensorcelled Hibernation  Hex/Ice        30%        N/A       5%          2
 Confusing Touch          Hex            15%        N/A       11%         3
 Frozen Ramparts          Ice            30%        1d5       11%         3
 Swiftness                Air            15%        N/A       11%         3
 Fulminant Prism          Conj/Alch      14%        3d9       13%         4
 Leda's Liquefaction      Alch/Erth      11%        N/A       21%         4
 Petrify                  Alch/Erth      23%        N/A       21%         4
 Dispel Undead            Necr           15%        3d10      36%         4
 Metabolic Englaciation   Hex/Ice        7%         N/A       71%         5
 Bombard                  Conj/Erth      18%        9d4       71%         6
 Ignition                 Fire           32%        3d10      95%         8


Dungeon Overview and Level Annotations

Branches:
Dungeon (12/15)            Temple (1/1) D:4            Lair (1/5) D:10
    Orc (0/2) D:10        Gauntlet (1/1)

Altars:
Ashenzari
Cheibriados
Dithmenos
Fedhas
Gozag
Hepliaklqana
Kikubaaqudgha
Makhleb
Nemelex Xobeh
Okawaru
Qazlal
Ru
Uskayaw
Vehumet
Xom
Yredelemnul

Shops:
D:1 :

Annotations:
D:1 2 transporters Gauntlet 4 transporters


Innate Abilities, Weirdness & Mutations

You have an unnaturally thin skeletal structure. (Dex +6, Stealth+++)
Your demonic aura often causes spilled blood to erupt in flames.
You regenerate magic rapidly.
Your body sometimes deteriorates upon taking damage.
You are covered in fur. (AC +1)
You are resistant to electric shocks. (rElec)


Message History

A wave of flame ripples out!
The flame wave engulfs the minotaur!!
The minotaur is burned terribly!
The minotaur is heavily wounded. (Press . to intensify the flame waves.)
The minotaur hits you with a +0 spear of venom.
You are poisoned.
The minotaur gores you.
Unknown command.
A wave of flame ripples out!
The flame wave engulfs the minotaur!!
The minotaur is burned terribly!
The minotaur is severely wounded.
You feel sick. The minotaur misses you. The minotaur gores you!
Your body deteriorates!
You feel weakened.
Unknown command.
Unknown command.
A wave of flame ripples out!
The flame wave engulfs the minotaur but does no damage.
The minotaur is severely wounded.
You finish channelling waves of flame.
You feel sick.
Unknown command.
Unknown command.
Casting: Flame Wave (dangerous; 1% risk of failure)
Confirm with . or Enter, or press ? or * to list all spells.
Flames lash the minotaur but do no damage.
You feel sick.
The minotaur hits you with a +0 spear of venom.
You are more poisoned.
The minotaur gores you!
* * * LOW HITPOINT WARNING * * *
Casting: Scorch (safe; 1% risk of failure)
Confirm with . or Enter, or press ? or * to list all spells.
Casting: Flame Wave (dangerous; 1% risk of failure)
Press: ? - help, Dir - look around, f - activate A wave of flame ripples out!
The flame wave engulfs the minotaur!
The minotaur is burned terribly!
The minotaur is almost dead. (Press . to intensify the flame waves.)
You feel very sick.
The minotaur hits you with a +0 spear of venom!!
You die...

#..#..#≈ß≈# #.©#..#...#
#### #..#..#.ß.##....#
.#.#..#...##.##.#
##.#..#.ß....##.#
...#..#...##.##.###
####§.#...##....#.# ≈#
.....≈#.©.##.##°#.#.≈≈#
....§∩#......##.@...∩≈#
.....≈#.©.##.##.#H#.≈≈#
####..#...##....#.# ≈#
..2#..#...##.##.###
.≈≈#..#.ß....##.#
§..#..#...##.##.#
§≈!#..#.ß.##....#
§§©#..#.§.#######
§..#..#≈ߧ#


You could see a minotaur (combustible).

Vanquished Creatures
  2 two-headed ogres
  A boulder beetle (D:11)
  A cyclops (D:10)
  A gargoyle (D:12)
  A cane toad (Lair:1)
  An unseen horror (D:12)
  A komodo dragon (D:10)
  2 ice devils (Gauntlet)
  2 queen bees
  4 trolls
  Grinder (D:3)
  Sigmund (D:5)
  Eustachio (D:5)
  2 shadows
  A vampire (D:11)
  A ynoxinul (Gauntlet)
  9 yaks
  2 wraiths
  A basilisk (D:11)
  4 steam dragons
  Edmund (D:5)
  A water moccasin (D:6)
  2 sky beasts (D:8)
  3 ice beasts
  6 orc warriors
  2 black bears
  An ogre (D:5)
  2 centaurs
  2 bullfrogs (D:7)
  2 scorpions (D:5)
  32 killer bees
  An electric eel (Lair:1)
  A howler monkey (D:12)
  5 bombardier beetles
  A jelly (D:6)
  A hound (D:5)
  4 orc priests
  3 iron imps (Gauntlet)
  7 iguanas
  12 orc wizards
  A hell rat (D:10)
  6 gnolls
  9 adders
  2 shadow imps (D:6)
  7 white imps
  A dart slug (D:3)
  3 ribbon worms
  38 orcs
  6 endoplasms
  4 giant cockroaches
  10 goblins
  11 hobgoblins
  11 kobolds
  2 quokkas
  7 ball pythons
  4 bats
  A frilled lizard (D:3)
  3 rats
254 creatures vanquished.

Vanquished Creatures (collateral kills)
  A foxfire (Lair:1)
1 creature vanquished.

Vanquished Creatures (others)
  605 foxfires
605 creatures vanquished.

Grand Total: 860 creatures vanquished

Notes
Turn   | Place    | Note
-------+----------+-------------------------------------------
     0 | D:1      | Atlas the Demonspawn Fire Elementalist began the quest for
                  | the Orb.
     0 | D:1      | Reached XP level 1. HP: 13/13 MP: 3/3
   136 | D:1      | Found Netad's Vocational Training.
   842 | D:1      | Gained mutation: You regenerate magic rapidly. [demonic
                  | ancestry]
   842 | D:1      | Reached XP level 2. HP: 19/19 MP: 1/5
   922 | D:1      | Learned a level 2 spell: Scorch
  1574 | D:2      | Reached XP level 3. HP: 17/24 MP: 1/6
  1918 | D:2      | Reached XP level 4. HP: 24/30 MP: 1/7
  2216 | D:3      | Found an opulent altar of Gozag.
  2219 | D:3      | Found a hide-covered altar of Uskayaw.
  2440 | D:3      | Reached XP level 5. HP: 35/35 MP: 1/9
  2783 | D:3      | Learned a level 4 spell: Flame Wave
  2947 | D:3      | Noticed Grinder
  2975 | D:3      | Killed Grinder
  2976 | D:3      | Reached skill level 1 in Armour
  2976 | D:3      | Reached skill level 3 in Spellcasting
  2976 | D:3      | Reached XP level 6. HP: 41/41 MP: 3/11
  3992 | D:4      | Reached skill level 1 in Short Blades
  3992 | D:4      | Reached skill level 4 in Spellcasting
  3992 | D:4      | Reached skill level 5 in Fire Magic
  4270 | D:4      | Gained mutation: Your demonic aura sometimes causes spilled
                  | blood to erupt in flames. [demonic ancestry]
  4270 | D:4      | Reached XP level 7. HP: 46/46 MP: 6/13
  4337 | D:4      | Found a staircase to the Ecumenical Temple.
  4343 | Temple   | Entered the Ecumenical Temple
  4573 | D:5      | Entered Level 5 of the Dungeon
  4573 | D:5      | Noticed Eustachio
  4583 | D:5      | Killed Eustachio
  4632 | D:5      | Noticed Sigmund
  4727 | D:5      | Reached skill level 5 in Spellcasting
  4774 | D:5      | Killed Sigmund
  4852 | D:5      | Reached XP level 8. HP: 48/53 MP: 8/16
  4910 | D:5      | Found a burning altar of Makhleb.
  4964 | D:5      | Noticed Edmund
  4971 | D:5      | Killed Edmund
  5172 | D:5      | Found a blossoming altar of Fedhas.
  5178 | D:5      | Reached skill level 6 in Spellcasting
  5253 | D:5      | Found a shimmering altar of Xom.
  5272 | D:5      | Found a broken altar of Ashenzari.
  5431 | D:6      | Reached skill level 1 in Fighting
  5842 | D:6      | Gained mutation: You have a somewhat thin skeletal
                  | structure. (Dex +2, Stealth+) [demonic ancestry]
  5842 | D:6      | Reached XP level 9. HP: 59/59 MP: 11/19
  6226 | D:7      | Reached skill level 7 in Spellcasting
  6397 | D:7      | Learned a level 5 spell: Lee's Rapid Deconstruction
  7136 | D:8      | Reached skill level 8 in Spellcasting
  7477 | D:8      | Identified the +2 mace "Amyin" {flame, *Noise +Blink rN+++
                  | Str+4}
  7804 | D:8      | Found a sacrificial altar of Ru.
  8105 | D:9      | Found a radiant altar of Vehumet.
  8270 | D:9      | Became a worshipper of Vehumet
  8498 | D:9      | Noticed a two-headed ogre
  8990 | D:9      | Killed a two-headed ogre
  8991 | D:9      | Gained mutation: You have a moderately thin skeletal
                  | structure. (Dex +4, Stealth++) [demonic ancestry]
  8991 | D:9      | Reached XP level 10. HP: 67/67 MP: 12/22
  9041 | D:10     | Entered Level 10 of the Dungeon
  9129 | D:10     | Reached skill level 9 in Spellcasting
  9242 | D:10     | Found a staircase to the Orcish Mines.
  9401 | D:10     | Found a stormy altar of Qazlal.
  9562 | D:10     | Found a staircase to the Lair.
  9577 | D:10     | Reached * piety under Vehumet
  9577 | D:10     | Offered knowledge of Sandblast by Vehumet.
  9746 | D:10     | Found a hazy altar of Hepliaklqana.
  9900 | D:10     | Noticed a cyclops
  9905 | D:10     | Killed a cyclops
 10417 | D:10     | Reached skill level 10 in Spellcasting
 10861 | D:11     | Noticed a boulder beetle
 10888 | D:11     | Noticed a boulder beetle
 10899 | D:11     | Reached skill level 10 in Fire Magic
 10909 | D:11     | Killed a boulder beetle
 10910 | D:11     | Gained mutation: Your demonic aura often causes spilled
                  | blood to erupt in flames. [demonic ancestry]
 10910 | D:11     | Reached XP level 11. HP: 72/72 MP: 0/25
 11080 | D:11     | Reached skill level 1 in Earth Magic
 11364 | D:11     | Noticed a fire dragon
 11365 | D:11     | Noticed a two-headed ogre
 11365 | D:11     | Noticed a boulder beetle
 11522 | D:11     | Noticed a skeletal warrior
 11548 | D:11     | Noticed a skeletal warrior
 11593 | D:12     | Offered knowledge of Sting by Vehumet.
 11599 | D:12     | Reached ** piety under Vehumet
 11793 | D:11     | Noticed a skeletal warrior
 12059 | D:12     | Noticed a two-headed ogre
 12068 | D:12     | Killed a two-headed ogre
 12149 | D:12     | Reached skill level 11 in Spellcasting
 12514 | D:12     | Noticed a boulder beetle
 12687 | D:11     | Noticed a skeletal warrior
 12772 | Lair:1   | Entered Level 1 of the Lair of Beasts
 12783 | Lair:1   | Reached skill level 5 in Conjurations
 12786 | Lair:1   | Found a gate leading to a gauntlet.
 12815 | Gauntlet | Entered a Gauntlet
 12815 | Gauntlet | Found a transporter.
 12815 | Gauntlet | Found a transporter.
 12815 | Gauntlet | Found a transporter.
 12889 | Gauntlet | Noticed a death yak
 12895 | Gauntlet | Noticed a death yak
 12895 | Gauntlet | Noticed a death yak
 12896 | Gauntlet | Noticed a death yak
 12903 | Gauntlet | Found a transporter.
 12905 | Gauntlet | Noticed a hell beast
 12913 | Gauntlet | Found a transporter.
 12935 | Gauntlet | Found a transporter.
 12936 | Gauntlet | Noticed a minotaur
 12943 | Gauntlet | Found a transporter.
 12949 | Gauntlet | Found a transporter.
 12971 | Gauntlet | Found a transporter.
 12979 | Gauntlet | Found a transporter.
 12997 | Gauntlet | Found a transporter.
 13025 | Gauntlet | Found a transporter.
 13237 | Gauntlet | Identified the +2 cloak "Boecrov" {-Tele Fly Regen+ Int+8}
 13390 | Gauntlet | Offered knowledge of Hailstorm by Vehumet.
 13470 | Gauntlet | Gained mutation: Your body sometimes deteriorates upon
                  | taking damage. [potion of mutation]
 13470 | Gauntlet | Gained mutation: You are covered in fur. (AC +1) [potion of
                  | mutation]
 13470 | Gauntlet | Gained mutation: You have an unnaturally thin skeletal
                  | structure. (Dex +6, Stealth+++) [potion of mutation]
 13470 | Gauntlet | Gained mutation: You are resistant to electric shocks.
                  | (rElec) [potion of mutation]
 13484 | Gauntlet | Mangled by a minotaur

Illustrated notes

Levels and vault maps discovered:
D:1:      spicycebolla_arrival_transporter_tutorial, layout_basic,
          corexii_corridor_pit, st_stairs_1, nicolae_shop_vocational
D:2:      layout_loops_ring, minmay_goblin_outpost
D:3:      layout_basic, nicolae_overflow_hidden_temple, uniq_grinder
D:4:      layout_layer_cave, minmay_temple_entry_nine_rooms, minmay_distorted
D:5:      layout_cave_pools, nicolae_overflow_quartered_altars, uniq_sigmund,
          uniq_eustachio, uniq_edmund
D:6:      layout_loops_ring, minmay_misc_feat_room
D:7:      layout_loops_ring
D:8:      layout_basic, nicolae_ru_the_path_less_chosen, zin_treasury
D:9:      layout_loops_ring, lemuel_tele_altar
D:10:     layout_loops_ring, mainiacjoe_overflow_boulevard,
          grunt_qazlal_sundering, dpeg_lair_monsters, special_room
          [special_room_bee], nicolae_kite_square_tiling_tiny
D:11:     layout_roguey, minmay_misc_feat_alley, lightli_corner_chamber
D:12:     layout_long_grid
Temple:   hellmonk_temple_rainy
Lair:1:   layout_roguey, gauntlet_entry_generic, infiniplex_staircase_pool
Gauntlet: gammafunk_gauntlet_shortcut [gammafunk_gauntlet_arena_mazey,
          nicolae_gauntlet_arena_flowing_pool,
          gammafunk_gauntlet_arena_arrow_garden, nicolae_gauntlet_swirl,
          nicolae_gauntlet_arena_t_cross, gammafunk_gauntlet_arena_corners,
          gauntlet_exit_watery]

Skill      XL: |  1  2  3  4  5  6  7  8  9 10 11 |
---------------+----------------------------------+-----
Fire Magic     | 3 4 5 6 7 8 10 | 10.9
Dodging        | 2 3 |  3.6
Armour         | 1 2 |  2.1
Stealth        | 2 |  2.0
Spellcasting   | 3 4 5 6 8 10 11 | 11.4
Conjurations   | 2 3 4 5 |  5.1
Short Blades   | 1 2 |  2.9
Fighting       | 1 2 |  2.2
Earth Magic    | 3 |  3.1

Action                     |  1- 3 |  4- 6 |  7- 9 | 10-12 || total
---------------------------+-------+-------+-------+-------++-------
  Melee: Unarmed           |    18 |       |       |       ||    18
         Short sword       |     4 |    22 |       |       ||    26
         Rapier            |       |       |    32 |    41 ||    73
   Cast: Foxfire           |    37 |    72 |    85 |   144 ||   338
         Scorch            |    22 |    25 |    99 |   108 ||   254
         Flame Wave        |       |       |     5 |    28 ||    33
  Evoke: Wand              |       |       |       |     1 ||     1
    Use: Scroll            |       |     5 |     4 |     5 ||    14
         Potion            |       |       |     3 |     6 ||     9
 Armour: Leather armour    |    18 |     7 |    32 |       ||    57
         Steam dragon scal |       |       |    48 |   115 ||   163
  Dodge: Dodged            |    20 |    16 |    62 |   111 ||   209

Table legend: (Time is in decaauts)
 A = Elapsed time spent in this place.
 B = Non-inter-level travel time spent in this place.
 C = Inter-level travel time spent in this place.
 D = Time resting spent in this place.
 E = Time spent auto-exploring this place.
 F = Levels seen in this place.
 G = Mean time per level.
                   A        B        C        D        E       F      G
               +--------+--------+--------+--------+--------+-----+--------+
         Total |  13508 |  12879 |    629 |    453 |  10253 |  15 |  900.5 |
       Dungeon |  12785 |  12172 |    613 |    310 |  10085 |  12 | 1065.4 |
        Temple |     15 |      0 |     15 |      0 |      0 |   1 |   15.0 |
          Lair |     42 |     42 |      0 |      0 |      0 |   1 |   42.0 |
      Gauntlet |    664 |    664 |      0 |    143 |    168 |   1 |  664.0 |
               +--------+--------+--------+--------+--------+-----+--------+

Top non-repeatable levels by time:
    D:10: 1682 daAuts
     D:3: 1346 daAuts
    D:11: 1240 daAuts
     D:1: 1148 daAuts
     D:8: 1123 daAuts
     D:4: 1109 daAuts
     D:2: 1038 daAuts
     D:9: 1037 daAuts
     D:7: 802 daAuts
     D:6: 775 daAuts
     D:5: 748 daAuts
    D:12: 733 daAuts
Gauntlet: 664 daAuts
  Lair:1: 42 daAuts
  Temple: 15 daAuts
